 Dungeon Crawl Stone Soup version 0.31.0-9-g3a7656b989 (webtiles) character file.

Game seed: 3345051533459209909

22 qw the Shooter (level 2, 0/16 HPs)
             Began as a Deep Elf Hunter on Feb 2, 2024.
             Succumbed to their own poison gas
             ... on level 1 of the Dungeon.
             The game lasted 00:00:02 (846 turns).

qw the Shooter (Deep Elf Hunter)                     Turns: 846, Time: 00:00:02

Health: 0/16       AC:  3    Str: 14    XL:     2   Next: 68%
Magic:  4/4        EV: 12    Int: 13    God:
Gold:   96         SH:  0    Dex: 18    Spells: 1/1 levels left

rFire   . . .        a - +0 shortbow (drain)
rCold   . . .        (shield currently unavailable)
rNeg    . . .        c - +0 leather armour
rPois   .            (no helmet)
rElec   .            (no cloak)
rCorr   .            (no gloves)
SInv    .            (no boots)
Will    .....        (no amulet)
Stlth   ++           m - +6 ring of strength
HPRegen 0.22/turn    (no ring)
MPRegen 0.09/turn

%: no passive effects
@: lethally poisoned (0 -> -9)
A: no striking features
a: no special abilities


You were on level 1 of the Dungeon.
You visited 1 branch of the dungeon, and saw 1 of its levels.

You collected 96 gold pieces.


   Skills:
 - Level 1.5 Fighting
 + Level 6.4 Ranged Weapons
 - Level 2.4 Dodging
 - Level 1.2 Stealth


You had one spell level left.
You didn't know any spells.
Your spell library was empty.

Inventory:

Hand Weapons
 a - a +0 shortbow of draining (weapon)
Armour
 c - a +0 leather armour (worn)
Jewellery
 m - a +6 ring of strength (left hand)
Potions
 d - a potion of heal wounds {unknown}
 f - a potion of might {unknown}
 k - a potion of attraction {unknown}

Dungeon Overview and Level Annotations

Branches:
Dungeon (1/15)

Altars:

Shops:
D:1 :


Message History

Done exploring.
839 ||| READING 2 scrolls labelled YMUULO YHUAW.
As you read the scroll labelled YMUULO YHUAW, it crumbles to dust.
The air around you briefly surges with heat, but it dissipates.
It was a scroll of immolation.
Done exploring.
840 ||| READING scroll labelled QIOPUE NONO.
The air fills with toxic fumes!
As you read the scroll labelled QIOPUE NONO, it crumbles to dust.
It was a scroll of poison.
Done exploring.
841 ||| DROPPING scroll of butterflies.
You drop a scroll of butterflies.
Done exploring.
842 ||| DROPPING scroll of immolation.
You drop a scroll of immolation.
Done exploring.
What level of the Dungeon? (default 1, ? - help) Sorry, I don't know how to get there.
Enter note:
Enter note:
Enter note:
Enter note:
Enter note:
Enter note:
Enter note:
Enter note:
Enter note:
Enter note:
Enter note:
Enter note: You are engulfed in poison gas.
You are lethally poisoned!
You feel very sick.
844 ||| Stepping ~*~*~tactically~*~*~ (cloud).
You feel very sick.
Things that are here:
a scroll of immolation; a scroll of butterflies
There is a lethal amount of poison in your body!
You feel very sick.
There is a lethal amount of poison in your body!
You die...

##.## #.#.#..##..# #..... #.#
#.#.#.###..# ###.## #.#
#.....)....# #.# ##+##
###........# #.# ##...##
###.###### #####.## ##.....## #¤#
###.....## #.......## ##¤##
#.......##
.........####¤¤0########.#...###.
.........¤¤¤¤0¤¤@¤¤0¤¤¤........\.
.........####¤¤¤########.#...###.
#.......## ##¤¤.# #.......##
##.....## ###.# #.###..###
##...## #.# #.###..# # ##'#######
#.# #......# #.......# #.#
#####.## #..####.# #.# #)#
####..#....# #.# #.#


There were no monsters in sight!

Vanquished Creatures
  A dart slug (D:1)
  3 bats (D:1)
  An endoplasm (D:1)
  4 goblins (D:1)
  A hobgoblin (D:1)
  A quokka (D:1)
  A ball python (D:1)
  2 frilled lizards (D:1)
  6 rats (D:1)
20 creatures vanquished.

Notes
Turn   | Place    | Note
-------+----------+-------------------------------------------
     0 | D:1      | qw the Deep Elf Hunter began the quest for the Orb.
     0 | D:1      | Reached XP level 1. HP: 12/12 MP: 3/3
     0 | D:1      | 0 ||| qw: Version: 0.3-a-155-g5e7d8dd
     0 | D:1      | 0 ||| qw: Game counter: 1999
     0 | D:1      | 0 ||| qw: Melee chars always use a shield: true
     0 | D:1      | 0 ||| qw: God list: Okawaru
     0 | D:1      | 0 ||| qw: Allow faded altars: false
     0 | D:1      | 0 ||| qw: Do Orc after clearing Dungeon:15 true
     0 | D:1      | 0 ||| qw: Do second Lair branch before Depths: true
     0 | D:1      | 0 ||| qw: Lair rune preference: random
     0 | D:1      | 0 ||| qw: Goals: Normal
     0 | D:1      | 0 ||| PLANNING D:1-11
   136 | D:1      | Reached XP level 2. HP: 16/16 MP: 4/4
   149 | D:1      | Reached skill level 6 in Ranged Weapons
   233 | D:1      | Found Otiolua's Vocational Training.
   404 | D:1      | Found a faded altar of an unknown god.
   732 | D:1      | 732 ||| DROPPING ring of magical power.
   733 | D:1      | 733 ||| UPGRADING to +6 ring of strength.
   734 | D:1      | 734 ||| READING scroll labelled TEHAUNIRCHE.
   734 | D:1      | 734 ||| BRANDING +0 shortbow.
   735 | D:1      | 735 ||| READING scroll labelled SOK ZYNYSIRCH.
   738 | D:1      | 738 ||| READING scroll labelled RYBRAY UFIKKE.
   839 | D:1      | 839 ||| READING 2 scrolls labelled YMUULO YHUAW.
   840 | D:1      | 840 ||| READING scroll labelled QIOPUE NONO.
   841 | D:1      | 841 ||| DROPPING scroll of butterflies.
   842 | D:1      | 842 ||| DROPPING scroll of immolation.
   844 | D:1      | 844 ||| Stepping ~*~*~tactically~*~*~ (cloud).
   845 | D:1      | HP: 2/16 [poisoned by you (poison gas)]
   846 | D:1      | Succumbed to their own poison gas

Levels and vault maps discovered:
D:1:      mainiacjoe_arrival_reflecting_pool, layout_loops_corners,
          dreamdust_ecumenical_altar_statues, nicolae_shop_vocational

Skill      XL: |  1  2 |
---------------+-------+-----
Ranged Weapons | 6 |  6.4
Fighting       | |  1.5
Dodging        | |  2.4
Stealth        | |  1.2

Action                     || total
---------------------------++-------
   Fire: Shortbow          ||    38
    Use: Scroll            ||     5
  Dodge: Dodged            ||     3

Table legend:
 A = Non-vault XP
 B = Vault XP
 C = Vault XP percentage of total XP
 D = Non-vault monster count
 E = Vault monster count
 F = Vault count percentage of total count
                 A         B        C        D         E       F
            +---------+---------+-------+---------+---------+-------
      Total |      32 |       0 |   0.0 |      20 |       0 |   0.0
            +---------+---------+-------+---------+---------+-------
        D:1 |      32 |       0 |   0.0 |      20 |       0 |   0.0
            +---------+---------+-------+---------+---------+-------
